[Event "*** Titled Tuesday Blitz"]
[Site "Chess.com"]
[Date "2020.02.04"]
[Round "6"]
[White "temus_galaktionov"]
[Black "Region_07"]
[Result "1-0"]
[WhiteElo "2702"]
[BlackElo "2497"]
[TimeControl "180+2"]
[EndTime "14:17:37 PST"]
[Termination "temus_galaktionov won by resignation"]

1. d4 f5 2. Nf3 Nf6 3. c4 d6 4.
g3 g6 5. Bg2 Bg7 6. O-O O-O 7.
Nc3 c6 8. Re1 Ne4 9. Qd3 Nxc3 10.
bxc3 e5 11. Ba3 Re8 12. e4 fxe4 13. Qxe4 Bf5 14. Qe3 Na6 15. Rad1 exd4 16. Qxe8+ Qxe8 17. Rxe8+ Rxe8 18. cxd4 Be6 19. d5 cxd5 20. cxd5 Bf7 21. Nd2 Re2 22. Kf1 Re8 23. Ne4 Rd8 24. Nxd6 b6 25. Nxf7 Kxf7 26. d6 Bf8 27. Bd5+ Kg7 28. Bc4 Nc5 29. Bb2+ Kh6 30. Be5 Ne4 31. d7 Nc5 32.
Bb5 a6 33. Bf6 Rb8 34. d8=Q Rxd8 35. Rxd8 1-0

[Event "*** Titled Tuesday Blitz"]
[Site "Chess.com"]
[Date "2020.02.04"]
[Round "6"]
[White "pawnwonder"]
[Black "TheBigBoss04"]
[Result "0-1"]
[WhiteElo "2173"]
[BlackElo "2663"]
[TimeControl "180+2"]
[EndTime "14:17:41 PST"]
[Termination "TheBigBoss04 won by resignation"]

1. e4 c5 2. Nf3 Nc6 3. Bb5 d6 4. O-O Bd7 5. Re1 Nf6 6. h3 a6 7. Bf1 g6 8. c3 Bg7 9. d4 O-O 10. d5 Ne5 11. Nxe5 dxe5 12. c4 Ne8 13. Be3 Rc8 14.
Nc3 Nd6 15. f3 f5 16. Qd2 b5 17. cxb5 axb5 18. Bf2 b4 19. Nd1 Qa5 20. b3 Rf7 21. Nb2 Nb5 22. a3 Nd4 23. Bxd4 exd4 24. Nc4 Qc7 25.
axb4 fxe4 26. fxe4 cxb4 27. e5 e6 28. Qxd4 exd5 29.
Nd6 Qxd6 30. Ra7 Qc5 31. Qxc5 Rxc5 32. e6 Bd4+ 33. Kh1 Bxe6 34. Ra8+ Kg7 35. Bb5 Rxb5 36. Rxe6 Rc5 0-1

[Event "*** Titled Tuesday Blitz"]
[Site "Chess.com"]
[Date "2020.02.04"]
[Round "6"]
[White "Chesstrainer1"]
[Black "Galiev_Azat"]
[Result "1-0"]
[WhiteElo "2363"]
[BlackElo "2255"]
[TimeControl "180+2"]
[EndTime "14:17:42 PST"]
[Termination "Chesstrainer1 won by resignation"]

1. Nf3 Nf6 2. c4 c5 3. Nc3 Nc6 4. g3 d5 5. cxd5 Nxd5 6. Bg2 Nc7 7. O-O e5 8. a3 Be7 9. b4 cxb4 10. axb4 Bxb4 11.
Nxe5 Nxe5 12. Qa4+ Bd7 13. Qxb4 Bc6 14. Ba3 Bxg2 15.
Kxg2 b6 16. Qe4 Qf6 17. f4 Qc6 18. fxe5 Qxe4+ 19. Nxe4 Nb5 20. Bd6 Rc8 21. e3 f5 22.
exf6 Kd7 23. fxg7 Rhg8 24. Bf8 Ke6 25. Ng5+ Kd5 26. Rf5+ Kc4 27. Rc1+ Kd3 28. Rxc8 1-0

[Event "*** Titled Tuesday Blitz"]
[Site "Chess.com"]
[Date "2020.02.04"]
[Round "6"]
[White "riconaipe"]
[Black "DanielDardha2005"]
[Result "1-0"]
[WhiteElo "2567"]
[BlackElo "2638"]
[TimeControl "180+2"]
[EndTime "14:17:44 PST"]
[Termination "riconaipe won by resignation"]

1. d4 Nf6 2. c4 e6 3. Nf3 b6 4.
g3 Ba6 5. Nbd2 Bb7 6. Bg2 Bb4 7. O-O O-O 8. a3 Bxd2 9. Bxd2 Be4 10. Rc1 d6 11.
Bc3 Nbd7 12. b4 h6 13. Ne1 Bxg2 14. Nxg2 d5 15. c5 b5 16. f3 c6 17. Re1 a5 18.
bxa5 Re8 19. e4 e5 20. dxe5 d4 21. Bxd4 Nxe5 22. Bxe5 Rxe5 23. Qxd8+ Rxd8 24. Red1 Ra8 25. Rd6 Re6 26. Nf4 Ree8 27. Rxc6 Rxa5 28. Rb6 Nd7 29. Rb7 Ne5 30. c6 Rxa3 31. c7 Ra2 32. Rc3 Raa8 33. Rxb5 Rac8 34. Nd5 f6 35. Nb6 Nxf3+ 36. Kf2 Ng5 37. Rb4 Rxe4 38. Nxc8 Rxb4 39. Nd6 Rb2+ 40. Ke1 Nf3+ 41. Rxf3 Rc2 42. c8=Q+ Rxc8 1-0

[Event "*** Titled Tuesday Blitz"]
[Site "Chess.com"]
[Date "2020.02.04"]
[Round "6"]
[White "victormago"]
[Black "PNEPaul"]
[Result "1-0"]
[WhiteElo "2419"]
[BlackElo "1829"]
[TimeControl "180+2"]
[EndTime "14:17:45 PST"]
[Termination "victormago won by resignation"]

1. d4 a6 2. c4 d6 3. Nc3 g6 4.
e4 Nd7 5. Nf3 Bg7 6. Be3 e6 7.
h3 Ne7 8. Qd2 h6 9. Be2 b6 10.
O-O Bb7 11. a4 c6 12. Rad1 f6 13. Qc2 Qc7 14. b3 O-O-O 15. a5 b5 16. cxb5 cxb5 17.
b4 f5 18. exf5 Nxf5 19. Rc1 Kb8 20. Qd2 Bc6 21. d5 exd5 22. Nxd5 Qb7 23. Rxc6 Qxc6 24. Rc1 Qb7 25. Rc7 Qxc7 26. Nxc7 Kxc7 27. Bf4 Ne5 28. Qc3+ Kb7 29. Nxe5 Bxe5 30. Bf3+ Kb8 31. Bxe5 dxe5 32. Qxe5+ Kc8 33. Qc5+ Kd7 34. Qa7+ Ke6 35. Qxa6+ Kf7 36. Qxb5 Rhe8 37. a6 Nd4 38. Qc4+ Kf6 39. Bb7 Ne2+ 40. Kh2 Rd4 41. Qc6+ Re6 42. Qf3+ Rf4 43. Qd5 Re5 44.
Qd6+ Re6 45. Qd8+ Kg7 46. a7 Rxf2 47. a8=Q 1-0

[Event "*** Titled Tuesday Blitz"]
[Site "Chess.com"]
[Date "2020.02.04"]
[Round "6"]
[White "FrogMist"]
[Black "francyIM"]
[Result "0-1"]
[WhiteElo "2394"]
[BlackElo "2591"]
[TimeControl "180+2"]
[EndTime "14:17:47 PST"]
[Termination "francyIM won by resignation"]

1. e4 e5 2. Nf3 Nc6 3. Bb5 a6 4.
Ba4 Nf6 5. O-O Be7 6. Re1 b5 7. Bb3 O-O 8. a4 d5 9. exd5 Na5 10. Nxe5 Nxb3 11. Nc6 Bg4 12. f3 Bc5+ 13. d4 Qxd5 14. cxb3 Qxc6 15. dxc5 Rad8 16. Qc2 Bh5 17. axb5 axb5 18.
Be3 Bg6 19. Qf2 Nd5 20. Bd4 Nb4 21. Qh4 Nc2 22. Na3 Rxd4 23. Qf2 Nxa1 24. Qxd4 Nxb3 25. Qb4 Qxc5+ 26. Qxc5 Nxc5 27. Nxb5 Nd3 28. Re7 c6 29. Nd6 Rd8 30. Nc4 h5 31. h4 Rb8 32. Rc7 c5 33. Kh2 Rb4 34. Nd6 Rxb2 35. f4 Nxf4 36. Rxc5 Rxg2+ 37. Kh1 Rd2 38. Rc8+ Kh7 39. Nc4 Be4+ 40.
Kg1 Nh3+ 41. Kf1 Bd3+ 42. Ke1 Re2+ 43. Kd1 Nf2+ 44. Kc1 Rc2+ 45. Kb1 Rxc4+ 46. Ka1 Rxc8 0-1

[Event "*** Titled Tuesday Blitz"]
[Site "Chess.com"]
[Date "2020.02.04"]
[Round "6"]
[White "aa175"]
[Black "andrzej"]
[Result "0-1"]
[WhiteElo "2256"]
[BlackElo "2359"]
[TimeControl "180+2"]
[EndTime "14:17:52 PST"]
[Termination "andrzej won by resignation"]

1. d4 Nf6 2. Nf3 e6 3. Bf4 d5 4. e3 Bd6 5. Bg3 O-O 6. Nbd2 b6 7. Bd3 c5 8. c3 Ba6 9. Bxa6 Nxa6 10. Bxd6 Qxd6 11.
Ne5 Nb8 12. O-O Nfd7 13. f4 f6 14. Nxd7 Nxd7 15. Rf3 Rad8 16. Rh3 cxd4 17. cxd4 f5 18. Nf3 Rc8 19. Ng5 Nf6 20. Rc1 h6 21. Nf3 Ng4 22. Ne5 Nxe5 23. fxe5 Qb4 24. b3 f4 25. Rxc8 Rxc8 26.
exf4 Qa3 27. Qg4 Qc1+ 28. Kf2 Rc2+ 29. Kf3 Qf1+ 30. Ke3 Rc3+ 31. Kd2 Qc1+ 32. Ke2 Qb2+ 33. Ke1 Rc1+ 34. Qd1 Rxd1+ 35. Kxd1 Qxg2 36. Rc3 Qxa2 37. f5 Qb1+ 38. Kd2 Qxf5 39. h4 Qf2+ 40. Kd3 Qxh4 41.
b4 Qe4+ 42. Kd2 Qxd4+ 43. Rd3 Qxb4+ 44. Kc2 Qc4+ 45. Rc3 Qxc3+ 46. Kb1 Qd2 0-1

[Event "*** Titled Tuesday Blitz"]
[Site "Chess.com"]
[Date "2020.02.04"]
[Round "6"]
[White "sergiochess83"]
[Black "OparinGrigoriy"]
[Result "1/2-1/2"]
[WhiteElo "2948"]
[BlackElo "3035"]
[TimeControl "180+2"]
[EndTime "14:17:54 PST"]
[Termination "Game drawn by agreement"]

1. e4 e5 2. Nf3 Nc6 3. Bb5 a6 4. Ba4 Nf6 5. O-O Nxe4 6. d4 b5 7. Bb3 d5 8. dxe5 Be6 9. Qe2 Be7 10. Rd1 O-O 11. c4 bxc4 12. Bxc4 Bc5 13. Be3 Bxe3 14.
Qxe3 Qb8 15. Bb3 Na5 16. Nbd2 Nxb3 17. Nxb3 c5 18. Nxc5 Nxc5 19. Qxc5 Qxb2 20. Qe3 Rfc8 21. Nd4 Rc4 22. f4 g6 23. Rab1 Qxa2 24. f5 Rxd4 25.
Qxd4 Bxf5 26. Ra1 Qe2 27. Qxd5 Rc8 28. Re1 Qb5 29. Qd6 Rc6 30. Qd8+ Kg7 31. Rac1 Qb6+ 32. Qxb6 Rxb6 33. Ra1 Be6 34. Reb1 Rc6 35. Rc1 Rb6 36.
Rab1 Rb5 37. Rxb5 axb5 38. Rc6 b4 39. Rb6 b3 40. Kf2 g5 41. Ke3 h5 42. Kd4 Kg6 43. Ke4 h4 44. Rb8 Bf5+ 45. Kd4 Be6 46. Ke4 Bf5+ 47. Kd4 Be6 1/2-1/2

[Event "*** Titled Tuesday Blitz"]
[Site "Chess.com"]
[Date "2020.02.04"]
[Round "6"]
[White "enriquetejedor"]
[Black "ElHelvetico"]
[Result "1-0"]
[WhiteElo "2523"]
[BlackElo "2680"]
[TimeControl "180+2"]
[EndTime "14:17:59 PST"]
[Termination "enriquetejedor won by resignation"]

1. d4 Nf6 2. Bg5 d5 3. Bxf6 gxf6 4. e3 c5 5. dxc5 e6 6. c4 dxc4 7. Qxd8+ Kxd8 8. Bxc4 Bxc5 9. Nc3 Ke7 10. O-O-O f5 11. Nf3 Nc6 12. Kb1 Bd7 13. a3 Rac8 14. Rd2 h6 15.
Rhd1 Rhd8 16. Na4 Bb6 17. Nxb6 axb6 18. Bb5 Be8 19. Rxd8 Rxd8 20. Rxd8 Kxd8 21. Kc1 Ke7 22.
Kd2 Kd6 23. Ba4 f6 24. Bb5 e5 25. Nh4 Bd7 26. Bd3 Ne7 27. f4 Kd5 28. Bc2 Kd6 29.
g3 Ke6 30. Bb3+ Kd6 31. Bc2 Ke6 32. Nf3 Bc6 33. Ne1 Be4 34. Ba4 Nd5 35. Bb3 Kd6 36. Nd3 Nc7 37. Nf2 Bf3 38. Bc2 Ke6 39. Bd3 Ne8 40.
Kc3 Nd6 41. Kd2 Kd5 42. b3 Be4 43. Nxe4 fxe4 44. Be2 b5 45. Bg4 exf4 46. gxf4 Kc5 47. Kc3 b6 48. Be6 Kc6 49. Kd4 Nb7 50. Bd5+ 1-0

[Event "*** Titled Tuesday Blitz"]
[Site "Chess.com"]
[Date "2020.02.04"]
[Round "6"]
[White "ChessPlayer202202"]
[Black "2nd_life"]
[Result "0-1"]
[WhiteElo "2253"]
[BlackElo "2484"]
[TimeControl "180+2"]
[EndTime "14:18:00 PST"]
[Termination "2nd_life won by resignation"]

1. e4 e5 2. Nf3 Nc6 3. Bc4 Nf6 4. d3 h6 5. O-O d6 6. a4 g6 7. a5 Bg7 8. a6 b6 9. Nc3 O-O 10. h3 Be6 11. Bb5 Bd7 12. Be3 Nh5 13. Qd2 Kh7 14. Nd5 Nd4 15. Bxd4 Bxb5 16. Be3 Bd7 17. Nh2 f5 18. exf5 gxf5 19. f4 Bc6 20. Nb4 Bd7 21.
d4 Ng3 22. Rf3 Ne4 23. Qd1 c5 24. dxc5 bxc5 25. Nd5 Be6 26. c4 Rb8 27. Qc2 Bxd5 28. cxd5 exf4 29. Bxf4 Rxb2 30. Qc4 Bd4+ 31. Kh1 Nf2+ 32.
Rxf2 Rxf2 33. Rb1 Rxf4 34. Rb7+ Kh8 35. Qc1 Qg5 36. Nf3 Rxf3 37. Qxg5 Rf1+ 0-1

[Event "*** Titled Tuesday Blitz"]
[Site "Chess.com"]
[Date "2020.02.04"]
[Round "6"]
[White "arjwezhrtdrz"]
[Black "CzechmVIII"]
[Result "1/2-1/2"]
[WhiteElo "2235"]
[BlackElo "2185"]
[TimeControl "180+2"]
[EndTime "14:18:05 PST"]
[Termination "Game drawn by agreement"]

1. e4 c5 2. c3 d5 3. exd5 Nf6 4. d4 Nxd5 5. Nf3 e6 6. Be2 Be7 7. O-O O-O 8. Nbd2 cxd4 9. Nxd4 e5 10. N4b3 Nc6 11.
Nc4 Be6 12. Ne3 Rc8 13. Nxd5 Bxd5 14. Bf3 Bxf3 15. Qxf3 Qc7 16. Be3 f5 17. Qd5+ Kh8 18. Rad1 Bf6 19. Qc4 Qf7 20. Qxf7 Rxf7 21. f3 g6 22. Rd5 Rd8 23. Rfd1 Rxd5 24. Rxd5 Kg7 25. Kf1 b6 26. a4 Re7 27. Bf2 e4 28. fxe4 fxe4 29. Be3 Ne5 30. h3 Nd3 31. a5 Nxb2 32.
axb6 axb6 33. Bxb6 Bxc3 34. Bd4+ Bxd4 35. Nxd4 Nc4 36.
Ke2 Kf6 37. Rc5 Ne5 38. Ke3 g5 39. Nc6 Nxc6 40. Rxc6+ Re6 1/2-1/2

[Event "*** Titled Tuesday Blitz"]
[Site "Chess.com"]
[Date "2020.02.04"]
[Round "6"]
[White "rasmussvane"]
[Black "Duhless"]
[Result "1/2-1/2"]
[WhiteElo "2888"]
[BlackElo "3053"]
[TimeControl "180+2"]
[EndTime "14:18:10 PST"]
[Termination "Game drawn by repetition"]

1. Nf3 Nf6 2. g3 g6 3. Bg2 Bg7 4. O-O O-O 5. d4 d5 6. c4 c6 7. Qb3 dxc4 8. Qxc4 b5 9. Qc2 Bf5 10. Qd1 c5 11. Nc3 Nc6 12. Nh4 Bd7 13. Nxb5 Rb8 14. d5 Nxd5 15. Qxd5 Rxb5 16. Rd1 Nd4 17. e3 Bg4 18. Rxd4 Bxd4 19. exd4 Qxd5 20. Bxd5 cxd4 21. Bc4 Re5 22. Bd2 g5 23. Ng2 Rc8 24. b3 Be6 25. Bd3 Bf5 26. Bc4 Be6 27. Bd3 Bf5 28. Bc4 Be6 1/2-1/2

[Event "*** Titled Tuesday Blitz"]
[Site "Chess.com"]
[Date "2020.02.04"]
[Round "6"]
[White "Kimster98"]
[Black "joshdaruca"]
[Result "0-1"]
[WhiteElo "2693"]
[BlackElo "2713"]
[TimeControl "180+2"]
[EndTime "14:18:11 PST"]
[Termination "joshdaruca won by resignation"]

1. Nf3 c5 2. c4 Nc6 3. d4 cxd4 4. Nxd4 g6 5. e4 Bg7 6. Be3 Nf6 7. Nc3 d6 8. Be2 Bd7 9. O-O O-O 10. h3 a6 11.
Rc1 Nxd4 12. Bxd4 Qa5 13. f4 Bc6 14. Bf3 Nd7 15. Bxg7 Kxg7 16. Qd4+ Kg8 17. Nd5 Bxd5 18. exd5 Qc5 19. Qxc5 Nxc5 20. Rc3 a5 21. Re1 Rfe8 22. b3 Rab8 23. Be2 e5 24. dxe6 Rxe6 25. Kf1 Rbe8 26. Rcc1 b6 27. Rcd1 Kf8 28. g3 Re3 29. Kf2 Rc3 30.
Kg2 Rc2 31. Kf1 Rxa2 32. Rxd6 Nxb3 33. Rxb6 Nd2+ 34. Kf2 Ne4+ 35. Kf3 Nc3 0-1

[Event "*** Titled Tuesday Blitz"]
[Site "Chess.com"]
[Date "2020.02.04"]
[Round "6"]
[White "Sanyura"]
[Black "SuperCheese"]
[Result "1/2-1/2"]
[WhiteElo "2496"]
[BlackElo "2685"]
[TimeControl "180+2"]
[EndTime "14:18:21 PST"]
[Termination "Game drawn by repetition"]

1. e4 e5 2. Nf3 Nc6 3. d4 exd4 4. Nxd4 Nf6 5. Nxc6 bxc6 6. Bd3 Bc5 7. O-O d6 8. Nc3 O-O 9. Bg5 h6 10. Bh4 Rb8 11.
Rb1 Qe7 12. Kh1 Qe6 13. f4 Bd4 14. Ne2 Bxb2 15. Nd4 Qg4 16. Bxf6 Qxd1 17. Rfxd1 gxf6 18.
Nxc6 Rb6 19. Ne7+ Kg7 20. Nd5 Rb8 21. Nxc7 Be6 22. Nb5 a6 23. Rxb2 axb5 24. a3 Rfc8 25. Kg1 Rc3 26. Rxb5 Rxd3 27. Rxd3 Rxb5 28. Rxd6 Rb1+ 29.
Kf2 Rb2 30. Rc6 Bb3 31. Ke3 Bxc2 32. e5 fxe5 33. fxe5 Ra2 34. Kf4 Ba4 35. Ra6 Rxa3 36. Ra7 Kg6 37. Ra6+ Kg7 38. Ra7 Kf8 39. Ra8+ Kg7 40.
Ra7 1/2-1/2

[Event "*** Titled Tuesday Blitz"]
[Site "Chess.com"]
[Date "2020.02.04"]
[Round "6"]
[White "Hrant_ChessMood"]
[Black "Lovkov_Roman"]
[Result "1-0"]
[WhiteElo "2905"]
[BlackElo "2723"]
[TimeControl "180+2"]
[EndTime "14:18:23 PST"]
[Termination "Hrant_ChessMood won by resignation"]

1. c4 e6 2. g3 d5 3. Bg2 Nf6 4. Nf3 c5 5. cxd5 exd5 6. d4 Nc6 7. Nc3 cxd4 8. Nxd4 Bc5 9. Nxc6 bxc6 10. O-O O-O 11. Qc2 Bb6 12. Na4 Bd7 13. Nxb6 axb6 14. a4 Re8 15. b4 Qe7 16. Be3 Qxb4 17. Rfb1 Qg4 18. Bf3 Qh3 19. Rxb6 Bf5 20. Qxc6 Be4 21. Rb4 Rac8 22.
Qb6 Ng4 23. Rxe4 Qxh2+ 24. Kf1 dxe4 25. Bg2 Qh5 26. a5 Rb8 27. Qc5 Rb2 28. Qxh5 1-0

[Event "*** Titled Tuesday Blitz"]
[Site "Chess.com"]
[Date "2020.02.04"]
[Round "6"]
[White "kasparicy"]
[Black "RestartingChess"]
[Result "1/2-1/2"]
[WhiteElo "2255"]
[BlackElo "2345"]
[TimeControl "180+2"]
[EndTime "14:18:25 PST"]
[Termination "Game drawn - insufficient material"]

1. e4 d5 2. exd5 Qxd5 3. Nf3 Qd6 4. d4 Bg4 5. Be2 Nc6 6. Be3 O-O-O 7. Nbd2 e5 8. dxe5 Nxe5 9. Nxe5 Bxe2 10. Nxf7 Bxd1 11. Nxd6+ Bxd6 12. Rxd1 Nf6 13. O-O Ng4 14. Bg5 Bxh2+ 15.
Kh1 Rd5 16. f3 Rxg5 17. fxg4 Bg3 18. Ne4 Rxg4 19. Nxg3 Rxg3 20. Rf7 Rd8 21. Re1 Rg6 22. Ree7 Rh6+ 23. Kg1 Rd1+ 24. Kf2 Rf6+ 25. Rxf6 gxf6 26.
Ke2 Rc1 27. Kd3 Rg1 28. Rxh7 Rxg2 29. Rf7 Rf2 30. b4 b6 31. a4 a6 32. c4 Rf4 33. a5 Kb7 34. axb6 Kxb6 35. Kc3 f5 36. Rf6+ c6 37. Kd3 Rf1 38. Kd4 f4 39. Rf8 f3 40.
Ke3 f2 41. Rxf2 Rxf2 42. Kxf2 a5 43. bxa5+ Kxa5 44. Ke3 Kb4 45. Kd4 Kb3 46. Kc5 Kc3 47. Kxc6 Kxc4 1/2-1/2

[Event "*** Titled Tuesday Blitz"]
[Site "Chess.com"]
[Date "2020.02.04"]
[Round "6"]
[White "arminmusovic"]
[Black "guillembaches"]
[Result "1/2-1/2"]
[WhiteElo "2523"]
[BlackElo "2395"]
[TimeControl "180+2"]
[EndTime "14:18:28 PST"]
[Termination "Game drawn by repetition"]

1. e4 c5 2. c3 d5 3. exd5 Qxd5 4. h3 e5 5. Na3 Nf6 6. Nf3 e4 7. Bc4 Qh5 8. Qe2 Be7 9. Ng1 Qxe2+ 10. Nxe2 Nc6 11. d3 exd3 12. Bxd3 Ne5 13. Bb5+ Bd7 14. O-O O-O-O 15. Bf4 Bd6 16. Rfd1 Bb8 17. Bxd7+ Rxd7 18. Rxd7 Kxd7 19. Rd1+ Kc6 20. Bxe5 Bxe5 21. Nc4 Re8 22. Kf1 Bc7 23. a4 b6 24. b4 a6 25.
Na3 Rd8 26. b5+ axb5 27. axb5+ Kb7 28. Rxd8 Bxd8 29. c4 Ne4 30. f3 Nd6 31. Nc3 Bf6 32. Ncb1 Kc7 33. Ke2 Nf5 34. Kd3 Nh4 35. Nd2 Nxg2 36.
Ne4 Nf4+ 37. Ke3 Nxh3 38. Nxf6 gxf6 39. Nb1 Ng5 40. Nc3 Ne6 41. Nd5+ Kb7 42. Nxf6 h6 43. Ke4 Nd4 44. f4 Nb3 45. Kd3 Nd4 46. Ke4 Nb3 47.
Kd3 Nd4 48. Ke4 1/2-1/2

[Event "*** Titled Tuesday Blitz"]
[Site "Chess.com"]
[Date "2020.02.04"]
[Round "6"]
[White "ehrenfeld"]
[Black "killer311"]
[Result "0-1"]
[WhiteElo "2476"]
[BlackElo "2287"]
[TimeControl "180+2"]
[EndTime "14:18:32 PST"]
[Termination "killer311 won by resignation"]

1. e4 c5 2. Nf3 Nc6 3. Bb5 g6 4.
Nc3 Bg7 5. O-O e6 6. Bxc6 dxc6 7. e5 Ne7 8. Re1 O-O 9. Ne4 b6 10. d3 Ba6 11. c4 Nf5 12. Bg5 Qc7 13. Qd2 Rad8 14.
Bxd8 Rxd8 15. b3 Bxe5 16. Nxe5 Qxe5 17. Qg5 Qd4 18. g4 h6 19. Qf6 Ng7 20. Qf4 f5 21. Qxh6 fxe4 22. dxe4 Rf8 23. Qe3 Qxe3 24. Rxe3 Rd8 25.
Ree1 e5 26. Rad1 Rd4 27. Rxd4 cxd4 28. f3 Ne6 29. Kf2 Nf4 30. Rh1 b5 31. cxb5 Bxb5 32. h4 c5 33. Ke1 c4 34. bxc4 Bxc4 35. Kd2 Be2 36. Rb1 Bxf3 37. Rb5 g5 38. Rxe5 gxh4 39.
Rf5 h3 0-1

[Event "*** Titled Tuesday Blitz"]
[Site "Chess.com"]
[Date "2020.02.04"]
[Round "6"]
[White "TigrVShlyape"]
[Black "Justmig"]
[Result "1-0"]
[WhiteElo "2840"]
[BlackElo "2662"]
[TimeControl "180+2"]
[EndTime "14:18:36 PST"]
[Termination "TigrVShlyape won on time"]

1. d4 d5 2. Nf3 Nf6 3. Bf4 c5 4.
e3 Nc6 5. Nbd2 cxd4 6. exd4 Bf5 7. c3 e6 8. Bb5 Bd6 9. Bxd6 Qxd6 10. O-O O-O 11.
Re1 h6 12. a4 Rfc8 13. a5 Qc7 14. Ne5 Nxe5 15. dxe5 Ne4 16. Nb3 Qxe5 17. f3 Nxc3 18. bxc3 Qxc3 19. Nd4 Bg6 20. Bf1 Qb4 21. Qa4 Qd6 22.
Qa3 Qxa3 23. Rxa3 Rc5 24. a6 bxa6 25. Rxa6 Rc7 26. Nb5 Rb7 27. Rea1 Rab8 28. Nxa7 Kh7 29. Nc6 Rc8 30. Ne5 Rb1 31. Rxb1 Bxb1 32. Nxf7 Rc1 33. Ra1 d4 34. Kf2 Rc2+ 35. Kg3 Rb2 36. Rxb1 1-0

[Event "*** Titled Tuesday Blitz"]
[Site "Chess.com"]
[Date "2020.02.04"]
[Round "6"]
[White "Terao90"]
[Black "dmosesov"]
[Result "0-1"]
[WhiteElo "2422"]
[BlackElo "2590"]
[TimeControl "180+2"]
[EndTime "14:18:38 PST"]
[Termination "dmosesov won by resignation"]

1. d4 Nf6 2. Nf3 c5 3. c3 b6 4.
Bg5 Bb7 5. e3 e6 6. Nbd2 h6 7.
Bh4 Be7 8. Bd3 O-O 9. O-O Nc6 10. a3 d6 11. Re1 cxd4 12. exd4 Nd5 13. Bg3 Nc7 14. h3 Kh8 15. Bc4 a6 16. a4 Qd7 17.
Bb3 Rae8 18. Nc4 Nd5 19. Nfd2 f5 20. Bh2 b5 21. axb5 axb5 22. Ne3 Nxe3 23. Rxe3 e5 24. dxe5 dxe5 25. Nf3 Qxd1+ 26. Rxd1 e4 27. Nd4 Nxd4 28.
cxd4 f4 29. Ree1 Bd6 30. d5 Re7 31. Rd4 Rfe8 32. Bc2 e3 33. fxe3 Bc5 34. Rxf4 Bxe3+ 35. Rxe3 Rxe3 36. Rf7 Re1+ 37. Kf2 Bxd5 38. Bd3 Bxf7 0-1

[Event "*** Titled Tuesday Blitz"]
[Site "Chess.com"]
[Date "2020.02.04"]
[Round "6"]
[White "vladimirdamjanovic"]
[Black "ural58"]
[Result "0-1"]
[WhiteElo "2618"]
[BlackElo "2385"]
[TimeControl "180+2"]
[EndTime "14:18:39 PST"]
[Termination "ural58 won by checkmate"]

1. d4 d5 2. c4 e5 3. dxe5 d4 4. Nf3 Nc6 5. g3 Nge7 6. Bg2 Ng6 7. O-O Ngxe5 8. b3 Be7 9. Bb2 Nxf3+ 10. Bxf3 Bf6 11. Nd2 O-O 12. Bxc6 bxc6 13. Ne4 c5 14. Nxc5 Re8 15. Re1 a5 16. Qd3 g6 17. Rad1 Bf5 18. Qd2 Qd6 19. Bxd4 Rad8 20. e3 Bg4 21. Nb7 Qc6 22.
Nxd8 Rxd8 23. Rc1 Bf3 24. Qb2 Qe6 25. Qe2 Bxe2 26. Rxe2 Rxd4 27. Rd2 Rxd2 28. Rb1 Qe4 29. Rf1 Qf3 30. h4 Bxh4 31. gxh4 g5 32. Kh2 g4 33.
Kg1 g3 34. c5 gxf2+ 35. Kh2 Qxe3 36. Kg2 Rd3 37. Kh1 Qh3# 0-1

[Event "*** Titled Tuesday Blitz"]
[Site "Chess.com"]
[Date "2020.02.04"]
[Round "6"]
[White "Majkelopulos"]
[Black "Teidi96"]
[Result "0-1"]
[WhiteElo "2477"]
[BlackElo "2321"]
[TimeControl "180+2"]
[EndTime "14:18:42 PST"]
[Termination "Teidi96 won by checkmate"]

1. e4 c5 2. Ne2 g6 3. g3 Bg7 4. Bg2 Nc6 5. c3 e5 6. d3 Nge7 7. Be3 d6 8. Nd2 O-O 9. f4 exf4 10. gxf4 Bg4 11. h3 Bh5 12. Nf3 Qb6 13. Qd2 d5 14.
Ng3 Bxf3 15. Bxf3 d4 16. Bf2 f5 17. e5 Rad8 18. c4 Bh6 19. h4 Nxe5 20. Be2 Ng4 21. h5 Rde8 22. hxg6 Qxg6 23. Rg1 Kh8 24. Ne4 fxe4 25.
Rxg4 Qe6 26. dxe4 Qxe4 27. O-O-O Rxf4 28. Bh4 Rxg4 29. Qxh6 Qxe2 30. Qf6+ Kg8 31. Rf1 Qxc4+ 32. Kb1 Rg2 33. Qf3 Qc2+ 34. Ka1 Qxb2# 0-1

[Event "*** Titled Tuesday Blitz"]
[Site "Chess.com"]
[Date "2020.02.04"]
[Round "6"]
[White "Manukyan_Artak"]
[Black "Gogolev_Artemy"]
[Result "0-1"]
[WhiteElo "2340"]
[BlackElo "2513"]
[TimeControl "180+2"]
[EndTime "14:18:44 PST"]
[Termination "Gogolev_Artemy won by resignation"]

1. e4 e5 2. Nf3 Nc6 3. d4 exd4 4.
Nxd4 Nf6 5. Nxc6 bxc6 6. e5 Qe7 7. Qe2 Nd5 8. c4 Ba6 9. g3 g6 10. Bg2 Bg7 11. O-O O-O 12. Re1 Rfe8 13. Nd2 d6 14. f4 dxe5 15. fxe5 Nb4 16. Nf3 Qc5+ 17. Be3 Qxc4 18.
Qxc4 Bxc4 19. Rec1 Bd5 20. Bd4 Nxa2 21. Rc5 Nb4 22.
Rca5 Nc2 23. Rd1 Nxd4 24. Rxd4 Reb8 25. b4 Bf8 26. Ra4 Bb3 27. Ra3 Bd5 28. Ra4 a5 29. Rxd5 cxd5 30. Nd4 Rxb4 31. Rxb4 axb4 32. Bxd5 Rd8 33. e6 Rxd5 0-1

[Event "*** Titled Tuesday Blitz"]
[Site "Chess.com"]
[Date "2020.02.04"]
[Round "6"]
[White "WelshTiger"]
[Black "DonPreuss"]
[Result "0-1"]
[WhiteElo "2319"]
[BlackElo "2226"]
[TimeControl "180+2"]
[EndTime "14:18:45 PST"]
[Termination "DonPreuss won on time"]

1. e4 e5 2. Nf3 d5 3. Nxe5 Bd6 4. d4 dxe4 5. Bc4 Bxe5 6. Qh5 Qe7 7. dxe5 g6 8. Qg5 Nc6 9. Qxe7+ Ngxe7 10. Bf4 h6 11. h4 Nd4 12. Na3 Be6 13. O-O-O Bxc4 14. Rxd4 Be6 15. Re1 Nc6 16. Rd2 Bf5 17. Nb5 Rc8 18. e6 fxe6 19. Nxc7+ Kf7 20. Nb5 Kf6 21. Nd6 Rcd8 22.
Nxe4+ Bxe4 23. Rxe4 Rxd2 24. Bxd2 g5 25. Bc3+ e5 26. hxg5+ hxg5 27. b3 Kf5 28. f3 Rh1+ 29. Kb2 Rf1 30. Rg4 Rf2 31. a4 Re2 0-1

[Event "*** Titled Tuesday Blitz"]
[Site "Chess.com"]
[Date "2020.02.04"]
[Round "6"]
[White "kosya4ok"]
[Black "IMTominho"]
[Result "0-1"]
[WhiteElo "2625"]
[BlackElo "2803"]
[TimeControl "180+2"]
[EndTime "14:18:46 PST"]
[Termination "IMTominho won by resignation"]

1. e4 c5 2. Nf3 e6 3. d4 cxd4 4. Nxd4 a6 5. Nc3 b5 6. Bd3 Bb7 7. O-O Nc6 8. Nxc6 Bxc6 9. Re1 Bc5 10. Be3 Bxe3 11. Rxe3 Ne7 12. Qh5 Ng6 13. a4 O-O 14.
Rg3 Qe7 15. Rf1 bxa4 16. f4 Qb4 17. f5 a3 18. Rh3 h6 19. fxg6 fxg6 20. Qxg6 Rxf1+ 21.
Kxf1 Rf8+ 22. Ke2 axb2 23. e5 Qf4 24. Qh7+ Kf7 25. Rg3 Qxe5+ 26. Kd2 Ke8 27. Be2 Qd4+ 28. Qd3 Qb4 29. Bh5+ Kd8 30. Rg4 b1=Q 31. Rxb4 Qxb4 32. g3 a5 33. Kc1 Rf5 34. Nb1 Rxh5 0-1

[Event "*** Titled Tuesday Blitz"]
[Site "Chess.com"]
[Date "2020.02.04"]
[Round "6"]
[White "JonahWillow"]
[Black "marcodobrikov"]
[Result "1-0"]
[WhiteElo "2738"]
[BlackElo "2511"]
[TimeControl "180+2"]
[EndTime "14:18:47 PST"]
[Termination "JonahWillow won by resignation"]

1. e4 c5 2. Nf3 d6 3. Nc3 Nf6 4. e5 dxe5 5. Nxe5 Nbd7 6. d4 cxd4 7. Qxd4 Nxe5 8. Qxe5 e6 9. Bb5+ Bd7 10. Bg5 Be7 11.
O-O-O O-O 12. Bxf6 Bxf6 13. Qg3 Bxc3 14. bxc3 Bxb5 15.
Rxd8 Raxd8 16. Rd1 Rxd1+ 17. Kxd1 Bc6 18. f3 Rd8+ 19. Kc1 Kf8 20. Qc7 Ke8 21. a4 a6 22. a5 h5 23. Qe5 g6 24. c4 Ke7 25.
Qg5+ Ke8 26. h4 Rd4 27. c5 Rd5 28. Qe3 Rf5 29. c4 Ke7 30. Kb2 e5 31. g4 Rxf3 32.
Qxe5+ Kf8 33. gxh5 gxh5 34. Qxh5 Rf6 35. Qe5 Rh6 36. Qg5 Rg6 37. Qd8+ Kg7 38. h5 Rg2+ 39. Kc3 Rh2 40. Qg5+ Kh7 41. Qf5+ Kg8 42. Qg4+ Kh7 43.
Qf5+ Kg8 44. Kd4 Rd2+ 45. Ke3 Rh2 46. Qg5+ Kf8 47. h6 Rh3+ 48. Kd4 Rh1 49. Qd8+ Be8 50. Qd6+ Kg8 51. Qg3+ Kf8 52. Qg7+ Ke7 53. h7 Rh4+ 54. Kc3 Rh3+ 55. Kb4 Bc6 56. h8=Q Rxh8 57. Qxh8 f5 58.
Qe5+ 1-0